 Dungeon Crawl Stone Soup version 0.21-a0-274-gc1afaeb (webtiles) character file.

60 Lavandula the Chopper (level 4, -4/37 HPs)
             Began as a Ghoul Warper on Sept 18, 2017.
             Was an Initiate of Okawaru.
             Slain by an iguana (14 damage)
             ... on level 3 of the Dungeon.
             The game lasted 00:05:30 (1013 turns).

Lavandula the Chopper (Ghoul Warper)                Turns: 1013, Time: 00:05:31

Health: -4/37      AC:  3    Str: 14    XL:     4   Next: 4%
Magic:  0/6        EV: 11    Int:  8    God:    Okawaru [......]
Gold:   129        SH:  0    Dex:  9    Spells: 3/7 levels left

rFire    . . .     SeeInvis .   m - +1 hand axe (chop)
rCold    + . .     Gourm    .   (no shield)
rNeg     + + +     Faith    .   b - +0 leather armour
rPois    ∞         Spirit   .   (no helmet)
rElec    .         Reflect  .   (no cloak)
rCorr    .         Harm     .   (no gloves)
MR       .....                  (no boots)
Stlth    +.........             (no amulet)
HPRegen  0.00/turn              (no ring)
MPRegen  0.10/turn              (no ring)

@: very slightly contaminated, rotting
A: rotting body, claws 1, carnivore 3, cold resistance 1, negative energy
resistance 3, inhibited regeneration, torment resistance, unbreathing
a: Renounce Religion


You were on level 3 of the Dungeon.
You worshipped Okawaru.
Okawaru was noncommittal.
You were not hungry.

You visited 1 branch of the dungeon, and saw 4 of its levels.

You collected 129 gold pieces.

Inventory:

Hand Weapons
 a - a +0 hand axe
 m - a +1 hand axe of chopping (weapon)
Missiles
 e - 5 tomahawks of dispersal (quivered)
Armour
 b - a +0 leather armour (worn)
Wands
 q - a wand of digging (11/24)
Scrolls
 d - a scroll of blinking
 g - a scroll of enchant weapon {unknown}
 h - 2 scrolls of amnesia {unknown}
 i - a scroll of teleportation {unknown}
 j - 3 scrolls of fog {unknown}
 k - a scroll of fear {unknown}
 t - a scroll of magic mapping {unknown}
Potions
 l - a potion of agility {unknown}
 n - a potion of degeneration {unknown}
 o - 2 potions of magic {unknown}
 p - a potion of resistance {unknown}
 r - a potion of curing {unknown}
 s - a potion of lignification {unknown}
 u - a potion of berserk rage {unknown}
Books
 c - a book of Spatial Translocations

   Spells                             Type                      Level
   a - Blink                          Translocation                2
   b - Shroud of Golubria             Charms/Translocation         2
   c - Lesser Beckoning               Translocation                3
   d - Gell's Gravitas                Translocation                3
   e - Teleport Other                 Translocation                3
   f - Passage of Golubria            Translocation                4
Comestibles
 f - a meat ration
 v - 4 chunks of flesh


   Skills:
 - Level 2.5 Fighting
 + Level 3.4 Axes
 - Level 0.8 Throwing
 - Level 0.8 Armour
 - Level 1.8 Dodging
 - Level 2.0 Spellcasting
 - Level 2.6 Translocations


You had 3 spell levels left.
You knew the following spells:

 Your Spells              Type           Power        Failure   Level  Hunger
a - Blink                 Tloc           N/A          22%         2    ###....
b - Shroud of Golubria    Chrm/Tloc      #.........   36%         2    ###....


Dungeon Overview and Level Annotations

Branches:
Dungeon (4/15)
 Temple: D:4-7

Altars:
Okawaru
Trog
Yredelemnul


Innate Abilities, Weirdness & Mutations

Your body is rotting away.
You thrive on raw meat.
You are immune to poison.
You have sharp fingernails.
You are carnivorous and can eat meat at any time.
Your flesh is cold resistant. (rC+)
You are immune to negative energy. (rN+++)
You do not regenerate when monsters are visible.
You are immune to unholy pain and torment.
You can survive without breathing.


Message History

You eat one of the 6 chunks of flesh.
This raw flesh tastes great!
The iguana bites you.
You hit the iguana but do no damage.
The iguana is moderately wounded.
The iguana closely misses you. The iguana bites you!
* * * LOW HITPOINT WARNING * * *
Eat one of 5 chunks of flesh? (ye/n/q)
You eat one of the 5 chunks of flesh.
This raw flesh tastes great!
The iguana bites you.
* * * LOW HITPOINT WARNING * * *
Casting: Shroud of Golubria
Confirm with . or Enter, or press ? or * to list all spells.
You don't have enough magic to cast that spell.
You hit the iguana.
The iguana is heavily wounded.
The iguana barely misses you.
You hit the iguana.
The iguana is almost dead.
The iguana bites you!
You die...

. #...# ##†##b##.# #.
....#..###.(#..##g# #.
........<...).###.####.. #..
..#######....[..........
#.####### #.....#######..#
#.......#####.#.............
#...................####..
#......)####..#.###..##
#.........l@.#..# ##..##.##
#.......####...####.......#
#.####### #......#.#####...
#.# #....##...# . #.#
#....####.## #.#
#..........# #)#
##....###...## #(#
##.l.#####.....## #(##
#..######......>#


You could see an iguana.

Vanquished Creatures
  2 gnolls
  An adder (D:2)
  An ooze (D:2)
  A dart slug (D:1)
  2 leopard geckos
  3 goblins
  3 hobgoblins
  5 kobolds
  A ball python (D:3)
  A bat (D:2)
  3 frilled lizards
  4 rats
27 creatures vanquished.

Notes
Turn   | Place    | Note
-------+----------+-------------------------------------------
     0 | D:1      | Lavandula the Ghoul Warper began the quest for the Orb.
     0 | D:1      | Reached XP level 1. HP: 17/17 MP: 2/2
   101 | D:1      | Reached XP level 2. HP: 18/25 MP: 3/3
   135 | D:1      | Reached skill level 2 in Axes
   263 | D:2      | Found an iron altar of Okawaru.
   275 | D:2      | Became a worshipper of Warmaster Okawaru
   384 | D:2      | Reached XP level 3. HP: 22/30 MP: 5/5
   471 | D:2      | Learned a level 2 spell: Blink
   474 | D:2      | Learned a level 2 spell: Shroud of Golubria
   544 | D:2      | Reached skill level 3 in Axes
   604 | D:3      | Found a bloodstained altar of Trog.
   821 | D:2      | Found a basalt altar of Yredelemnul.
   987 | D:3      | Reached XP level 4. HP: 36/37 MP: 3/6
  1013 | D:3      | Slain by an iguana

Vault maps used:
D:1:      lightli_arrival_noodles
D:2:      okawaru_ov_weapons_minmay, nicolae_overflow_hidden_temple
D:3:      overflow_temple_1_default, yredelemnul_altar_generic
D:4:      gammafunk_temple_overflow_forgotten, lemuel_round_altar,
          minmay_temple_entry_grid, first_bread,
          nicolae_ossuary_entry_false_entrances, gup_sewer_entry_pipe

Skill      XL: |  1  2  3 |
---------------+----------+-----
Spellcasting   | 2 |  2.0
Axes           | 2 3 |  3.4
Fighting       | |  2.5
Throwing       | |  0.8
Armour         | |  0.8
Dodging        | |  1.8
Translocations | |  2.6

Action                   |  1- 3 |  4- 6 || total
-------------------------+-------+-------++-------
Melee: Hand axe          |    91 |     9 ||   100
 Cast: Shroud of Golubri |     3 |     1 ||     4
       Blink             |     1 |       ||     1
  Eat: Chunk             |    15 |     3 ||    18
Armor: Leather armour    |    28 |       ||    28
Dodge: Dodged            |    55 |     8 ||    63

Table legend:
 A = Spawn XP
 B = Non-spawn XP
 C = Spawn XP percentage of total XP
 D = Spawn monster count
 E = Non-spawn monster count
 F = Spawn count percentage of total count
 G = Total turns spent on level
                    A         B        C        D         E        F      G
               +---------+---------+-------+---------+---------+-------+---------
         Total |       0 |      86 |   0.0 |       0 |      27 |   0.0 |  1013
               +---------+---------+-------+---------+---------+-------+---------
           D:1 |       0 |      14 |   0.0 |       0 |       7 |   0.0 |   158
           D:2 |       0 |      49 |   0.0 |       0 |      13 |   0.0 |   645
           D:3 |       0 |      23 |   0.0 |       0 |       7 |   0.0 |   207
               +---------+---------+-------+---------+---------+-------+---------
